 Dungeon Crawl Stone Soup version 0.29-a0-723-gce39da1c22 (webtiles) character file.

Game seed: 7670955013612285136

557 bande the Covered (level 7, -5/44 HPs)
             Began as a Gargoyle Fighter on June 28, 2022.
             Slain by an ogre
             ... wielding a +0 giant club
              (22 damage)
             ... on level 5 of the Dungeon on June 29, 2022.
             The game lasted 00:07:31 (5292 turns).

bande the Covered (Gargoyle Fighter)                Turns: 5292, Time: 00:07:32

Health: -5/44      AC: 14    Str: 19    XL:     7   Next: 30%
Magic:  16/16      EV:  7    Int:  9    God:
Gold:   262        SH:  4    Dex: 11    Spells: 6/6 levels left

rFire   . . .      SeeInvis .   a - +0 war axe
rCold   . . .      Faith    .   c - +0 buckler
rNeg    + . .      Spirit   .   v - +0 chain mail
rPois   ∞          Reflect  .   (no helmet)
rElec   +          Harm     .   (no cloak)
rCorr   .          Rampage  .   (no gloves)
Will    +....                   (no boots)
Stlth   ..........              y - amulet of regeneration
HPRegen 0.94/turn               n - ring of magical power
MPRegen 0.15/turn               o - ring of willpower

@: no status effects
A: sickness immunity, AC +4, negative energy resistance 1, electricity
resistance, torment resistance 1, petrification resistance
a: no special abilities


You were on level 5 of the Dungeon.
You visited 1 branch of the dungeon, and saw 5 of its levels.

You collected 262 gold pieces.

Inventory:

Hand Weapons
 a - a +0 war axe (weapon)
Armour
 c - a +0 buckler (worn)
 v - a +0 chain mail (worn)
Jewellery
 n - a ring of magical power (left hand)
 o - a ring of willpower (right hand)
 r - a ring of ice
 w - a ring of magical power
 y - an amulet of regeneration (around neck)
Wands
 s - a wand of acid (3)
Scrolls
 f - 3 scrolls of identify {unknown}
 h - 2 scrolls of magic mapping {unknown}
 m - 5 scrolls of teleportation {unknown}
 p - a scroll of immolation {unknown}
 q - 2 scrolls of fog {unknown}
 u - a scroll of blinking {unknown}
Potions
 b - a potion of resistance {unknown}
 d - 2 potions of might
 e - a potion of brilliance {unknown}
 g - a potion of curing {unknown}
 i - a potion of haste {unknown}
 j - 2 potions of lignification {unknown}
 k - a potion of cancellation {unknown}
 l - a potion of flight {unknown}
 t - 2 potions of mutation {unknown}
 x - a potion of heal wounds {unknown}


   Skills:
 + Level 4.5 Fighting
 + Level 4.9 Axes
 + Level 5.0 Armour
 - Level 0.1 Dodging
 + Level 4.1 Shields
 * Level 1.8 Evocations


You had 6 spell levels left.
You didn't know any spells.
Your spell library was empty.

Dungeon Overview and Level Annotations

Branches:
Dungeon (5/15)
 Temple: D:4-7

Altars:

Shops:
D:1 [


Innate Abilities, Weirdness & Mutations

You are immune to sickness and miasma.
Your stone body is resilient. (AC +4)
You are immune to poison.
You resist negative energy. (rN+)
You are resistant to electric shocks. (rElec)
You are resistant to unholy torment.
You are immune to petrification.


Message History

You climb downwards.
Found an inky potion, a runed dagger and a dented jasper amulet.
There is a stone staircase leading up here.
No target in view!
No target in view!
No target in view!
b - an inky potion
y - an amulet of regeneration You start putting on your amulet.
You continue putting on your amulet of regeneration. x5
You finish putting on your amulet of regeneration.
The amulet throbs as it attunes itself to your uninjured body.
y - an amulet of regeneration (around neck)
An ogre comes into view. It is wielding a +0 giant club.
The ogre shouts!
An ogre is nearby!
A quokka comes into view.
The ogre hits you with a +0 giant club!
You hit the ogre.
The ogre is moderately wounded.
The ogre hits you with a +0 giant club!!
You are too injured to fight recklessly!
You are too injured to fight recklessly!
You are too injured to fight recklessly!
You are too injured to fight recklessly!
You are too injured to fight recklessly!
You are too injured to fight recklessly!
You are too injured to fight recklessly!
Unknown command.
You barely miss the ogre.
The ogre is moderately wounded.
You barely miss the quokka. The quokka barely misses you.
The ogre hits you but does no damage.
You hit the ogre.
The ogre is moderately wounded.
You hit the quokka. The quokka barely misses you.
You block the quokka's attack.
The ogre hits you with a +0 giant club!!
Ouch! That really hurt!
You die...

....#....#..#....###
.. #..........#...##
...#.............##
...##...........##
..............###
........?....##
...........###
##.........##
.....$r@....#
......O...###
.........##
.........#
.........#
........## .........
.......##


You could see an ogre and a quokka.

Vanquished Creatures
  An ogre (D:4)
  2 necrophages (D:4)
  A scorpion (D:5)
  3 orc priests
  A jelly (D:4)
  4 adders
  An ufetubus (D:4)
  2 worms
  6 dart slugs
  16 orcs
  11 endoplasms
  5 giant cockroaches
  5 goblins
  6 hobgoblins
  4 jackals (D:4)
  9 quokkas
  4 ball pythons
  9 bats
  5 frilled lizards
  3 kobolds (D:1)
  8 rats
  A spectral kobold (D:1)
107 creatures vanquished.

Notes
Turn   | Place    | Note
-------+----------+-------------------------------------------
     0 | D:1      | bande the Gargoyle Fighter began the quest for the Orb.
     0 | D:1      | Reached XP level 1. HP: 14/14 MP: 1/1
   512 | D:1      | Reached XP level 2. HP: 16/19 MP: 2/2
   582 | D:1      | Found Loaqousaam's Armour Shoppe.
   834 | D:1      | Reached XP level 3. HP: 24/24 MP: 3/3
   902 | D:1      | Found a faded altar of an unknown god.
  1681 | D:2      | Reached XP level 4. HP: 28/29 MP: 4/4
  2460 | D:3      | Reached skill level 4 in Armour
  2460 | D:3      | Reached XP level 5. HP: 13/33 MP: 5/5
  3838 | D:4      | Reached XP level 6. HP: 34/38 MP: 6/6
  3985 | D:4      | Reached skill level 1 in Evocations
  4349 | D:4      | Reached XP level 7. HP: 33/44 MP: 7/7
  4493 | D:4      | You fall into a shaft and drop 1 floor!
  4493 | D:5      | Entered Level 5 of the Dungeon
  5134 | D:4      | Reached skill level 5 in Armour
  5292 | D:5      | Slain by an ogre

Illustrated notes

Levels and vault maps discovered:
D:1:      saegor_arrival_simple_c, layout_basic, serial_shops, shop,
          dreamdust_ecumenical_altar_drowned_temple, minmay_misc_feat_square,
          hangedman_decor_clover_reticule
D:2:      layout_rooms, minmay_ruptured
D:3:      layout_loops_cross, chequers_garden
D:4:      layout_basic
D:5:      cheibrodos_thug_alley, layout_cave_pools, serial_shops,
          kennysheep_mini

Skill      XL: |  1  2  3  4  5  6  7 |
---------------+----------------------+-----
Axes           | 2 3 4 |  4.9
Fighting       | 4 |  4.5
Armour         | 4 5 |  5.0
Shields        | 4 |  4.1
Evocations     | 1 |  1.8
Dodging        | |  0.1

Action                   |  1- 3 |  4- 6 |  7- 9 || total
-------------------------+-------+-------+-------++-------
Melee: War axe           |   140 |   156 |    51 ||   347
Armor: Scale mail        |    81 |    81 |     9 ||   171
       Chain mail        |       |       |    24 ||    24
Dodge: Dodged            |    71 |    65 |    25 ||   161
Block: Buckler           |    39 |    27 |    11 ||    77

Table legend: (Time is in decaauts)
 A = Elapsed time spent in this place.
 B = Non-inter-level travel time spent in this place.
 C = Inter-level travel time spent in this place.
 D = Time resting spent in this place.
 E = Time spent auto-exploring this place.
 F = Levels seen in this place.
 G = Mean time per level.
                   A        B        C        D        E       F      G
               +--------+--------+--------+--------+--------+-----+--------+
         Total |   5428 |   5310 |    118 |   1113 |   3286 |   5 | 1085.6 |
       Dungeon |   5428 |   5310 |    118 |   1113 |   3286 |   5 | 1085.6 |
               +--------+--------+--------+--------+--------+-----+--------+

Top non-repeatable levels by time:
     D:1: 1568 daAuts
     D:3: 1528 daAuts
     D:4: 1478 daAuts
     D:2: 743 daAuts
     D:5: 110 daAuts
